AoeStats
← Pets_T饕

Black Forest

509564542Analyzed
4v4 RM · 5d ago on Sep 27, 2026· 51m 31s· 8 players
Game mode
Random Map
Map size
Large (8 player)
Population
200
Speed
Normal
Resources
Standard
Victory
Conquest
Starting age
Dark Age
Ending age
Imperial Age
RankedLock teamsTeams togetherTeam positionsShared explorationLock speedFull tech treeHidden civsTurbo modeCheats
Victory
Defeat
🇺🇸 Teutons · United States
983
+14
🇵🇱 Burmese · Poland
944
+16
🇺🇸 Khmer · United States
919
+18
🇪🇨 Maya · Ecuador
902
+17
🇨🇳 Franks · China
961
-17
🇨🇳 Khmer · China
958
-17
🇨🇳 Mongols · China
930
-16
🇨🇳 Jurchens · China
905
-15
root
1:06 Loom
13:25 Feudal Age
14:52 Double-Bit Axe
20:21 Castle Age
20:57 Horse Collar
21:31 Bow Saw
22:53 Wheelbarrow
24:45 Heavy Plow
26:24 Hand Cart
27:12 Stone Mining
29:16 Gold Mining
32:19 Imperial Age
29:58 Fletching
30:09 Scale Mail Armor
30:19 Forging
30:27 Caravan
31:42 Stone Shaft Mining
30:56 Town Watch
31:08 Bodkin Arrow
31:19 Scale Barding Armor
31:48 Ballistics
32:44 Fervor
32:55 Sanctity
33:09 Town Patrol
33:26 Chain Mail Armor
33:46 Iron Casting
34:49 Chemistry
33:55 Siege Engineers
33:30 Pikeman
34:11 Squires
33:56 Gambesons
35:16 Plate Mail Armor
35:07 Chain Barding Armor
35:44 Ironclad
35:45 Conscription
36:05 Bloodlines
35:16 Cavalier
37:14 Two-Man Saw
36:56 Crop Rotation
38:31 Blast Furnace
37:47 Paladin
40:13 Plate Barding Armor
39:15 Halberdier
49:35 Arson
littlesuperstar
0:27 Loom
12:53 Feudal Age
13:43 Double-Bit Axe
13:42 Horse Collar
14:09 Stone Mining
20:57 Castle Age
21:05 Gold Mining
24:21 Bow Saw
29:56 Stone Shaft Mining
29:56 Gold Shaft Mining
32:39 Wheelbarrow
33:31 Caravan
34:02 Coinage
33:47 Heavy Plow
34:07 Hand Cart
34:39 Fortified Wall
34:24 Murder Holes
38:30 Imperial Age
36:23 Ballistics
35:54 Heated Shot
36:14 Masonry
36:12 Scale Barding Armor
36:07 Scale Mail Armor
35:59 Fletching
37:46 Chain Barding Armor
37:39 Forging
37:19 Fletching
37:30 Padded Archer Armor
39:01 Town Watch
39:21 Double Crossbow
39:22 Tusk Swords
38:53 Sappers
38:44 Elite Ballista Elephant
39:04 Heavy Scorpion
39:05 Capped Ram
39:54 Husbandry
40:05 Bloodlines
39:17 Light Cavalry
41:09 Crop Rotation
41:43 Chemistry
41:14 Architecture
40:37 Hussar
41:43 Onager
43:00 Siege Engineers
43:47 Plate Barding Armor
43:28 Leather Archer Armor
43:45 Elite Battle Elephant
45:56 Banking
45:45 Chain Mail Armor
46:05 Iron Casting
45:26 Bodkin Arrow
46:01 Ring Archer Armor
45:55 Sanctity
45:46 Redemption
46:12 Theocracy
45:33 Herbal Medicine
46:03 Illumination
45:52 Siege Ram
46:41 Cavalier
Helenka
10:42 Feudal Age
11:37 Loom
17:12 Castle Age
18:54 Wheelbarrow
23:21 Horse Collar
25:15 Scale Barding Armor
26:50 Forging
34:41 Imperial Age
32:27 Hand Cart
32:52 Iron Casting
32:17 Scale Mail Armor
32:22 Heavy Plow
32:17 Gold Mining
32:18 Stone Mining
32:39 Pikeman
33:05 Gambesons
33:20 Squires
33:06 Arson
33:33 Bloodlines
33:24 Husbandry
33:41 Chain Mail Armor
33:51 Chain Barding Armor
34:50 Elite Battle Elephant
36:40 Blast Furnace
36:10 Plate Mail Armor
36:33 Plate Barding Armor
44:33 Halberdier
50:36 Conscription
sebchenko34
0:32 Loom
11:43 Feudal Age
12:12 Double-Bit Axe
12:49 Horse Collar
23:38 Forging
24:04 Fletching
29:01 Gold Mining
34:16 Castle Age
33:25 Scale Mail Armor
33:26 Padded Archer Armor
35:40 Wheelbarrow
35:32 Bow Saw
35:25 Heavy Plow
36:04 Eagle Warrior
37:38 Squires
39:37 Arson
40:29 Iron Casting
41:05 Caravan
41:51 Hand Cart
43:21 Bodkin Arrow
47:28 Imperial Age
45:31 Ballistics
44:52 Treadmill Crane
46:36 Leather Archer Armor
47:30 Chain Mail Armor
49:25 Two-Man Saw
48:58 Crop Rotation
49:09 Holcans
49:00 Conscription
49:53 Blast Furnace
49:33 Guilds
49:26 Elite Eagle Warrior
50:18 Elite Plumed Archer
Pets_T饕
2:22 Loom
13:53 Feudal Age
16:56 Castle Age
14:43 Double-Bit Axe
15:38 Wheelbarrow
19:08 Hand Cart
19:09 Bow Saw
18:44 Horse Collar
20:01 Hand Cart
23:36 Town Watch
25:09 Gold Mining
25:23 Stone Mining
27:10 Stone Shaft Mining
27:57 Gold Shaft Mining
28:08 Heavy Plow
31:52 Imperial Age
29:42 Fletching
30:01 Scale Barding Armor
30:06 Forging
30:47 Town Patrol
30:52 Bodkin Arrow
34:11 Chain Barding Armor
33:52 Bracer
34:28 Iron Casting
33:22 Heavy Scorpion
33:28 Heavy Scorpion
34:47 Conscription
34:27 Double Crossbow
35:44 Fortified Wall
36:35 Chemistry
35:55 Ballistics
35:31 Murder Holes
35:58 Light Cavalry
36:40 Husbandry
37:10 Bloodlines
37:15 Tusk Swords
36:36 Elite Ballista Elephant
37:29 Caravan
37:24 Hussar
我血你
16:25 Feudal Age
18:16 Double-Bit Axe
22:00 Castle Age
21:32 Wheelbarrow
22:11 Stone Mining
23:26 Gold Mining
23:41 Husbandry
23:57 Bow Saw
25:56 Scale Barding Armor
25:45 Fletching
30:40 Gold Shaft Mining
31:23 Hand Cart
37:36 Imperial Age
37:18 Chain Barding Armor
37:09 Forging
37:31 Ballistics
38:16 Cavalier
39:22 Conscription
40:48 Plate Barding Armor
40:48 Iron Casting
40:54 Caravan
40:42 Paladin
42:07 Chivalry
43:57 Blast Furnace
47:21 Light Cavalry
Tony662660
7:47 Loom
9:52 Feudal Age
14:10 Castle Age
12:13 Town Watch
15:16 Scale Mail Armor
16:22 Gambesons
19:13 Fletching
22:19 Forging
30:51 Gold Mining
36:13 Imperial Age
34:02 Double-Bit Axe
34:38 Horse Collar
36:51 Bodkin Arrow
37:48 Wheelbarrow
37:29 Bow Saw
38:21 Chemistry
41:32 Treadmill Crane
42:07 Fortified Wall
45:40 Two-Man Saw
51:09 Heavy Rocket Cart
春天里的老人
0:32 Loom
11:56 Feudal Age
16:48 Castle Age
15:21 Double-Bit Axe
15:44 Horse Collar
18:12 Wheelbarrow
26:17 Scale Barding Armor
27:09 Bloodlines
29:06 Forging
31:40 Caravan
34:33 Imperial Age
32:36 Chain Barding Armor
33:26 Fletching
33:38 Padded Archer Armor
33:39 Gold Mining
37:08 Chemistry
38:02 Elite Steppe Lancer
38:25 Heavy Camel Rider
40:24 Iron Casting
40:38 Pikeman
42:52 Blast Furnace
42:23 Scale Mail Armor
43:46 Squires
43:54 Elite Mangudai
45:26 Conscription
45:25 Chain Mail Armor
47:18 Bodkin Arrow
49:10 Fortified Wall
49:20 Masonry
Connection lost

Rejoining the realm…

Still unreachable

The connection could not be restored.

Session expired

The server has moved on; the page needs a fresh start.